 Dungeon Crawl Stone Soup version 0.29.0-4-gdea44cf6ec (webtiles) character file.

Game seed: 6955085450468739641

14 qw the Chopper (level 2, -2/17 HPs)
             Began as a Tengu Warper on Aug 28, 2022.
             Succumbed to their own poison gas
             ... on level 1 of the Dungeon.
             The game lasted 00:00:03 (471 turns).

qw the Chopper (Tengu Warper)                        Turns: 471, Time: 00:00:04

Health: -2/17      AC:  3    Str: 11    XL:     2   Next: 41%
Magic:  6/6        EV: 11    Int: 13    God:
Gold:   21         SH:  0    Dex: 13    Spells: 5/5 levels left

rFire   . . .      SeeInvis .   Y - +1 hand axe
rCold   . . .      Faith    .   (no shield)
rNeg    . . .      Spirit   .   b - +0 leather armour
rPois   .          Reflect  .   (helmet restricted)
rElec   .          Harm     .   (no cloak)
rCorr   .          Rampage  .   (no gloves)
Will    .....                   (boots unavailable)
Stlth   +.........              (no amulet)
HPRegen 0.05/turn               (no ring)
MPRegen 0.10/turn               (no ring)

@: lethally poisoned (-2 -> -15)
A: beak, talons 3
a: no special abilities


You were on level 1 of the Dungeon.
You visited 1 branch of the dungeon, and saw 1 of its levels.

You collected 21 gold pieces.


Innate Abilities, Weirdness & Mutations

You have a beak for a mouth.
You have claws for feet.


   Skills:
 - Level 2.0 Fighting
 + Level 3.3 Axes
 - Level 1.0 Throwing
 - Level 1.1 Armour
 - Level 2.1 Dodging
 - Level 2.0 Spellcasting
 - Level 2.4 Translocations


You had 5 spell levels left.
You didn't know any spells.
Your spell library contained the following spells:

 Spells                   Type           Power      Damage    Failure   Level
 Blink                    Tloc           14%        N/A       19%         2
 Gell's Gravitas          Tloc           7%         N/A       36%         3
 Lesser Beckoning         Tloc           7%         N/A       36%         3
 Teleport Other           Tloc           7%         N/A       36%         3
 Manifold Assault         Tloc           7%         N/A       98%         5

Inventory:

Hand Weapons
 g - a +0 whip
 Y - a +1 hand axe (weapon)
Armour
 b - a +0 leather armour (worn)
Potions
 e - a potion of degeneration {unknown}
 i - a potion of curing {unknown}
 j - a potion of heal wounds {unknown}
 l - a potion of haste {unknown}

Dungeon Overview and Level Annotations

Branches:
Dungeon (1/15)

Altars:

Shops:
D:1 *(:


Message History

As you read the scroll labelled KIUCLUHUMMORI, it crumbles to dust.
You assume a fearsome visage.
Nothing appears to happen.
It was a scroll of fear.
Done exploring.
464 ||| READING scroll labelled LOEVAIGRAO.
As you read the scroll labelled LOEVAIGRAO, it crumbles to dust.
It is a scroll of enchant weapon.
Your +0 hand axe glows red for a moment.
Done exploring.
465 ||| READING 3 scrolls labelled ENI AVAXZAE.
As you read the scroll labelled ENI AVAXZAE, it crumbles to dust.
The air around you briefly surges with heat, but it dissipates.
It was a scroll of immolation.
Done exploring.
466 ||| READING scroll labelled JAOBLE MIJINAN.
The air fills with toxic fumes!
As you read the scroll labelled JAOBLE MIJINAN, it crumbles to dust.
It was a scroll of poison.
Done exploring.
467 ||| DROPPING scroll of blinking.
You drop a scroll of blinking.
Done exploring.
468 ||| DROPPING 2 scrolls of immolation.
You drop 2 scrolls of immolation.
Done exploring.
(D) Dungeon
Where to? (* - list waypoints, ? - help)
What level of the Dungeon? (default 1, ? - help) Sorry, I don't know how to get there.
Done exploring.
469 ||| Stepping randomly (stuck).
Really walk into that cloud of poison gas?
You are engulfed in poison gas.
You are lethally poisoned!
You feel very sick.
470 ||| Stepping ~*~*~tactically~*~*~ (cloud).
You feel very sick.
Things that are here:
2 scrolls of immolation; a scroll of blinking
There is a lethal amount of poison in your body!
You die...

..........#.................#.#.#
####........#####....#####..#...#
#......### ###### ####.#.#
#......## #...# #.......#######
#.>.# #######.##0¤0¤# #...#
#####.##¤¤¤¤## #.#.#
##....¤##¤¤¤¤0###### #...#
##.....¤¤¤¤¤¤@¤¤¤¤¤¤######.#.#
#......¤¤¤¤¤¤¤¤¤¤####.........
#......¤¤¤¤¤¤¤0¤¤# #.........
#......¤¤¤¤¤¤¤¤¤¤# #......<..
#......0¤¤¤¤¤¤¤¤¤# #.........
#......¤¤¤¤0¤¤¤¤¤# #.........
#......¤¤¤0¤¤¤¤¤¤#############
##.....¤¤¤¤¤0¤¤¤¤¤............
##.....##.....#..............


There were no monsters in sight!

Vanquished Creatures
  2 bats (D:1)
  An endoplasm (D:1)
  2 goblins (D:1)
  A hobgoblin (D:1)
  2 jackals (D:1)
  2 kobolds (D:1)
  A ball python (D:1)
11 creatures vanquished.

Notes
Turn   | Place    | Note
-------+----------+-------------------------------------------
     0 | D:1      | qw the Tengu Warper began the quest for the Orb.
     0 | D:1      | Reached XP level 1. HP: 12/12 MP: 4/4
     0 | D:1      | 0 ||| qw: Version: 0.1-a-89-g26bdef1
     0 | D:1      | 0 ||| qw: Game counter: 3346
     0 | D:1      | 0 ||| qw: Always use a shield: true
     0 | D:1      | 0 ||| qw: God list: Okawaru
     0 | D:1      | 0 ||| qw: Allow faded altars: false
     0 | D:1      | 0 ||| qw: Do Orc after D:15 true
     0 | D:1      | 0 ||| qw: Do second Lair branch before Depths: true
     0 | D:1      | 0 ||| qw: Lair rune preference: random
     0 | D:1      | 0 ||| qw: Plans: Normal
     0 | D:1      | 0 ||| PLANNING D:1-11
    39 | D:1      | Found Wozofoz's Antique Weapon Emporium.
    45 | D:1      | 45 ||| SHOPLISTING runed whip (110 gold, have 0).
    95 | D:1      | Found Ishos's Vocational Training.
   212 | D:1      | Reached XP level 2. HP: 16/17 MP: 6/6
   215 | D:1      | Reached skill level 3 in Axes
   263 | D:1      | 263 ||| Stepping ~*~*~tactically~*~*~ (stealth).
   263 | D:1      | Found Goaloelo's Assorted Antiques.
   281 | D:1      | 281 ||| SHOPLISTING emerald potion (26 gold, have 21).
   281 | D:1      | 281 ||| SHOPLISTING metallic black potion (26 gold, have
                  | 21).
   281 | D:1      | 281 ||| SHOPLISTING metallic pink potion (26 gold, have
                  | 21).
   281 | D:1      | 281 ||| SHOPLISTING ring mail (116 gold, have 21).
   281 | D:1      | 281 ||| SHOPLISTING scroll labelled ERUTHI DAPSU (29 gold,
                  | have 21).
   281 | D:1      | 281 ||| SHOPLISTING scroll labelled LOEVAIGRAO (29 gold,
                  | have 21).
   281 | D:1      | 281 ||| SHOPLISTING smoky pink potion (26 gold, have 21).
   287 | D:1      | 287 ||| Stepping ~*~*~tactically~*~*~ (stealth).
   463 | D:1      | 463 ||| READING scroll labelled KIUCLUHUMMORI.
   464 | D:1      | 464 ||| READING scroll labelled LOEVAIGRAO.
   465 | D:1      | 465 ||| READING 3 scrolls labelled ENI AVAXZAE.
   466 | D:1      | 466 ||| READING scroll labelled JAOBLE MIJINAN.
   467 | D:1      | 467 ||| DROPPING scroll of blinking.
   468 | D:1      | 468 ||| DROPPING 2 scrolls of immolation.
   469 | D:1      | 469 ||| Stepping randomly (stuck).
   469 | D:1      | HP: 4/17 [poisoned by you (poison gas)]
   470 | D:1      | 470 ||| Stepping ~*~*~tactically~*~*~ (cloud).
   470 | D:1      | HP: 1/17 [poisoned by you (poison gas)]
   471 | D:1      | Succumbed to their own poison gas

Levels and vault maps discovered:
D:1:      lemuel_arrival_hallway, layout_rooms, serial_shops,
          nicolae_shop_waterfront, nicolae_square_shop, nicolae_shop_vocational

Skill      XL: |  1  2 |
---------------+-------+-----
Axes           | 3 |  3.3
Fighting       | |  2.0
Throwing       | |  1.0
Armour         | |  1.1
Dodging        | |  2.1
Spellcasting   | |  2.0
Translocations | |  2.4

Action                   || total
-------------------------++-------
Melee: Hand axe          ||    17
       Kick              ||     5
       Peck              ||     2
       Punch             ||     1
Throw: Boomerang         ||     7
  Use: Scroll            ||     4
Armor: Leather armour    ||     9
Dodge: Dodged            ||    13

Table legend:
 A = Non-vault XP
 B = Vault XP
 C = Vault XP percentage of total XP
 D = Non-vault monster count
 E = Vault monster count
 F = Vault count percentage of total count
                 A         B        C        D         E       F
            +---------+---------+-------+---------+---------+-------
      Total |      20 |       0 |   0.0 |      11 |       0 |   0.0
            +---------+---------+-------+---------+---------+-------
        D:1 |      20 |       0 |   0.0 |      11 |       0 |   0.0
            +---------+---------+-------+---------+---------+-------
